 Dungeon Crawl Stone Soup version 0.28-a0-1292-gb4563b27b3 (webtiles) character file.

Game seed: 488394625548876479

384 vesl the Digger (level 6, -3/32 HPs)
             Began as a Gargoyle Earth Elementalist on Dec 27, 2021.
             Slain by an orc (6 damage)
             ... on level 4 of the Dungeon.
             The game lasted 00:09:35 (4870 turns).

vesl the Digger (Gargoyle Earth Elementalist)       Turns: 4870, Time: 00:09:36

Health: -3/32      AC:  6    Str: 11 (12) XL:     6   Next: 77%
Magic:  4/12       EV: 11    Int: 16 (17) God:
Gold:   109        SH:  0    Dex:  7 (10) Spells: 6/13 levels left

rFire   . . .      SeeInvis .   a - +0 short sword (vorpal)
rCold   . . .      Faith    .   (no shield)
rNeg    + . .      Spirit   .   b - +0 robe
rPois   ∞          Reflect  .   (no helmet)
rElec   +          Harm     .   (no cloak)
rCorr   .          Rampage  .   (no gloves)
Will    .....                   (no boots)
Stlth   ++........              k - amulet of magic regeneration
HPRegen 0.10/turn               (no ring)
MPRegen 0.53/turn               (no ring)

@: no status effects
A: sickness immunity, AC +4, negative energy resistance 1, electricity
resistance, torment resistance 1, petrification resistance
a: no special abilities


You were on level 4 of the Dungeon.
You visited 1 branch of the dungeon, and saw 4 of its levels.

You collected 109 gold pieces.

Inventory:

Hand Weapons
 a - a +0 vorpal short sword (weapon)
 d - a +1 dagger
 g - a +0 club
Missiles
 c - 86 stones
Armour
 b - a +0 robe (worn)
 e - a +1 leather armour of willpower
Jewellery
 k - an amulet of magic regeneration (around neck)
Scrolls
 i - a scroll of amnesia
 l - a scroll of magic mapping


   Skills:
 - Level 1.5 Dodging
 - Level 2.1 Stealth
 + Level 4.1 Spellcasting
 + Level 3.5 Conjurations
 - Level 0.7 Transmutations
 + Level 6.0 Earth Magic


You had 6 spell levels left.
You knew the following spells:

 Your Spells              Type           Power      Damage    Failure   Level
a - Sandblast             Erth           44%        2d11      1%          1
b - Stone Arrow           Conj/Erth      36%        3d9       7%          3
c - Mephitic Cloud        Conj/Pois/Air  7%         N/A       30%         3

Your spell library contained the following spells:

 Spells                   Type           Power      Damage    Failure   Level
 Magic Dart               Conj           56%        1d5       3%          1
 Passwall                 Tmut/Erth      11%        N/A       6%          2
 Static Discharge         Conj/Air       9%         N/A       12%         2
 Call Imp                 Summ           3%         N/A       26%         2
 Petrify                  Tmut/Erth      14%        N/A       38%         4
 Passage of Golubria      Tloc           3%         N/A       86%         4
 Lightning Bolt           Conj/Air       4%         1d16      92%         5
 Silence                  Hex/Air        1%         N/A       99%         5
 Lehudib's Crystal Spear  Conj/Erth      9%         10d4      100%        8
 Maxwell's Capacitive Co  Air            1%         ∞         100%        8


Dungeon Overview and Level Annotations

Branches:
Dungeon (4/15)
 Temple: D:4-7

Altars:
Elyvilon
Zin

Annotations:
D:3 Natasha
D:4 Edmund


Innate Abilities, Weirdness & Mutations

You are immune to sickness and miasma.
Your stone body is resilient. (AC +4)
You are immune to poison.
You resist negative energy. (rN+)
You are resistant to electric shocks. (rElec)
You are resistant to unholy torment.
You are immune to petrification.


Message History

Aim: a goblin, quivering stones (76% to hit)
The blast of sand hits the goblin!
You kill the goblin!
The orc hits you with a +0 club. The hobgoblin closely misses you.
Casting: Sandblast (safe; 1% risk of failure)
Confirm with . or Enter, or press ? or * to list all spells.
Aiming: Sandblast (safe; 1% risk of failure)
Press: ? - help, Shift-Dir - straight line, f - hobgoblin
Aim: a hobgoblin, wielding a +0 club (81% to hit)
The blast of sand hits the hobgoblin.
The hobgoblin is almost dead.
The orc barely misses you. The hobgoblin barely misses you.
Casting: Sandblast (safe; 1% risk of failure)
Confirm with . or Enter, or press ? or * to list all spells.
Aiming: Sandblast (safe; 1% risk of failure)
Press: ? - help, Shift-Dir - straight line, f/p - hobgoblin
Aim: a hobgoblin, wielding a +0 club (almost dead, 81% to hit)
The blast of sand hits the hobgoblin!
You kill the hobgoblin!
The orc priest shouts!
The orc hits you with a +0 club.
The orc priest invokes the aid of Beogh against you.
Beogh smites you!
* * * LOW HITPOINT WARNING * * *
Casting: Sandblast (safe; 1% risk of failure)
Confirm with . or Enter, or press ? or * to list all spells.
Aiming: Sandblast (safe; 1% risk of failure)
Press: ? - help, Shift-Dir - straight line, f - orc
Aim: an orc, wielding a +0 club and wearing a +0 ring mail (83% to hit)
The blast of sand misses the orc.
The blast of sand hits the goblin!
You kill the goblin!
Casting: Sandblast (safe; 1% risk of failure)
Confirm with . or Enter, or press ? or * to list all spells.
Aiming: Sandblast (safe; 1% risk of failure)
Press: ? - help, Shift-Dir - straight line, f/p - orc
Aim: an orc, wielding a +0 club and wearing a +0 ring mail (83% to hit)
The blast of sand hits the orc.
The orc is heavily wounded.
The orc closely misses you. The orc hits you with a +0 mace.
You die...

## ###### ... #....#
.... #....#
.....#########....#####
..........))#(.....#...
.........))@o).....'...
.g.......))o#)...).#.
.....#########....##
.... #....# ..( #....#
##
########o'###########
≈≈≈≈≈≈≈....≈≈≈≈≈≈≈≈≈≈
≈≈≈≈≈≈≈)...≈≈≈≈≈≈≈≈≈≈
≈≈o≈≈≈≈.....≈≈≈≈≈≈≈≈≈


You could see 2 orcs.

Vanquished Creatures
  A howler monkey (D:4)
  2 centaur zombies
  A hound (D:3)
  A jelly (D:1)
  Natasha (twice) (D:3)
  2 gnolls (D:4)
  3 adders (D:3)
  4 worms
  4 orcs
  3 ball pythons
  8 endoplasms
  7 giant cockroaches
  16 goblins
  16 hobgoblins
  9 jackals
  2 quokkas (D:1)
  9 bats
  A frilled lizard (D:3)
  4 kobolds
  10 rats
105 creatures vanquished.

Vanquished Creatures (others)
  A goblin (D:4)
1 creature vanquished.

Grand Total: 106 creatures vanquished

Notes
Turn   | Place    | Note
-------+----------+-------------------------------------------
     0 | D:1      | vesl the Gargoyle Earth Elementalist began the quest for
                  | the Orb.
     0 | D:1      | Reached XP level 1. HP: 10/10 MP: 3/3
     1 | D:1      | Found a runed translucent door.
   344 | D:1      | Reached skill level 4 in Earth Magic
   344 | D:1      | Reached XP level 2. HP: 7/15 MP: 3/5
   875 | D:1      | Reached XP level 3. HP: 10/19 MP: 0/6
   884 | D:1      | Learned a level 3 spell: Stone Arrow
  1275 | D:1      | Learned a level 3 spell: Mephitic Cloud
  1498 | D:1      | Reached skill level 1 in Conjurations
  1498 | D:1      | Reached XP level 4. HP: 14/24 MP: 6/8
  1828 | D:2      | Found a faded altar of an unknown god.
  2004 | D:2      | Found a white marble altar of Elyvilon.
  2728 | D:3      | Reached skill level 5 in Earth Magic
  3020 | D:3      | Reached XP level 5. HP: 9/28 MP: 0/10
  3611 | D:3      | Found a glowing silver altar of Zin.
  3611 | D:3      | Noticed an angel
  3662 | D:3      | Noticed Natasha
  3674 | D:3      | Killed Natasha
  3973 | D:3      | Noticed Natasha
  3982 | D:3      | Killed Natasha
  3983 | D:3      | Reached XP level 6. HP: 32/32 MP: 7/11
  4040 | D:4      | Noticed Edmund
  4420 | D:3      | Noticed Natasha
  4861 | D:4      | Reached skill level 6 in Earth Magic
  4870 | D:4      | Slain by an orc

Illustrated notes

Levels and vault maps discovered:
D:1:      dpeg_arrival_caged_fury, layout_basic
D:2:      layout_rooms, ebering_ecumenical_altar_abandoned, basic_altar
D:3:      layout_basic, zin_angel, kennysheep_cluttered_room, uniq_natasha
D:4:      minmay_goblin_kobold_castle, layout_cave_pools, minmay_hedge_maze,
          uniq_robin, uniq_edmund

Skill      XL: |  1  2  3  4  5  6 |
---------------+-------------------+-----
Earth Magic    | 4 5 6 |  6.0
Spellcasting   | 3 4 |  4.1
Conjurations   | 1 2 3 |  3.5
Dodging        | |  1.5
Stealth        | |  2.1
Transmutations | |  0.7

Action                   |  1- 3 |  4- 6 || total
-------------------------+-------+-------++-------
Melee: Unarmed           |     8 |       ||     8
       Dagger            |    69 |    16 ||    85
       Short sword       |       |   133 ||   133
 Cast: Sandblast         |    26 |    58 ||    84
       Stone Arrow       |       |     3 ||     3
  Use: Scroll            |     2 |     5 ||     7
       Potion            |       |     4 ||     4
 Stab: Sleeping          |     3 |     2 ||     5
Armor: Robe              |    36 |    82 ||   118
Dodge: Dodged            |    94 |   129 ||   223

Table legend: (Time is in decaauts)
 A = Elapsed time spent in this place.
 B = Non-inter-level travel time spent in this place.
 C = Inter-level travel time spent in this place.
 D = Time resting spent in this place.
 E = Time spent auto-exploring this place.
 F = Levels seen in this place.
 G = Mean time per level.
                   A        B        C        D        E       F      G
               +--------+--------+--------+--------+--------+-----+--------+
         Total |   4891 |   4667 |    224 |   1237 |   2512 |   4 | 1222.8 |
       Dungeon |   4891 |   4667 |    224 |   1237 |   2512 |   4 | 1222.8 |
               +--------+--------+--------+--------+--------+-----+--------+

Top non-repeatable levels by time:
     D:3: 1920 daAuts
     D:1: 1827 daAuts
     D:2: 767 daAuts
     D:4: 375 daAuts
